 Dungeon Crawl Stone Soup version 0.20.1-1-g8b1a95d (webtiles) character file.

37 tidbits the Sneak (level 3, 0/23 HPs)
             Began as an Octopode Artificer on July 8, 2017.
             Slain by a hobgoblin
             ... wielding a +0 club
             ... led by Robin
              (7 damage)
             ... on level 2 of the Dungeon.
             The game lasted 00:05:27 (558 turns).

tidbits the Sneak (Octopode Artificer)               Turns: 558, Time: 00:05:28

Health: 0/23       AC:  1    Str: 11    XL:     3   Next: 41%
Magic:  5/5        EV: 18    Int: 19    God:
Gold:   0          SH:  0    Dex: 17    Spells: 2/2 levels left

rFire    . . .     SeeInvis .   a - +1 dagger (drain)
rCold    . . .     Gourm    .   (no shield)
rNeg     . . .     Faith    .   (helmet restricted)
rPois    .         Spirit   .   (no amulet)
rElec    .         Reflect  .   (no ring)
rCorr    .         Harm     .   (no ring)
MR       .....                  (no ring)
Stlth    +++++.....             (no ring)
Regen    0.1/turn               (no ring)
MPRegen  0.1/turn               (no ring)
                                (no ring)
                                (no ring)

@: brilliant, agile, drained
A: almost no armour, stealthy swim, amphibious, 8 rings, constrict 8, camouflage
1, gelatinous body 1
a: no special abilities


You were on level 2 of the Dungeon.
You were not hungry.

You visited 1 branch of the dungeon, and saw 3 of its levels.

Inventory:

Hand Weapons
 a - a +1 dagger of draining (weapon)
   (You took it off a goblin on level 3 of the Dungeon)
 b - a +0 hunting sling
 s - a +0 short sword
Missiles
 e - 25 arrows
 n - 84 stones (quivered)
Wands
 c - a wand of enslavement (9/24)
 d - a wand of random effects (15/48)
 r - a wand of flame (15/48)
Scrolls
 k - a scroll of immolation {unknown}
 l - a scroll of fear {unknown}
 q - a scroll of teleportation {unknown}
Potions
 i - a potion of agility
 m - 2 potions of cancellation
Comestibles
 f - a bread ration
 g - 3 chunks of flesh
 h - a royal jelly
 j - a meat ration


   Skills:
 + Level 1.6(1.0) Fighting
 - Level 1.0(0.5) Short Blades
 - Level 2.0(1.4) Dodging
 - Level 4.1(3.6) Stealth
 - Level 3.2(2.7) Evocations


You had 2 spell levels left.
You didn't know any spells.

Dungeon Overview and Level Annotations

Branches:
Dungeon (3/15)

Altars:

Annotations:
D:3 Sigmund


Innate Abilities, Weirdness & Mutations

You cannot wear most types of armour.
You are very stealthy in the water. (Stealth+)
You are amphibious.
You can wear up to eight rings at the same time.
You can use your tentacles to constrict eight enemies at once.
Your skin changes colour to match your surroundings (Stealth+).
Your rubbery body absorbs attacks. (AC +1, EV +1)


Message History

That item cannot be evoked!
Unknown command.
Evoke which item? (* to show all) (? for menu, Esc to quit)
Aiming: Enslavement
Press: ? - help, Shift-Dir - straight line, f/p - Robin
Aim: Robin, wielding a club, wearing an animal skin and wearing a helmet (chance to defeat MR: 62%) Robin resists with significant effort.
This wand has 12 charges left.
The quokka bites you.
* * * LOW HITPOINT WARNING * * *
It was a potion of brilliance.
You feel clever all of a sudden. The quokka barely misses you.
The goblin hits you.
* * * LOW HITPOINT WARNING * * *
It was a potion of ambrosia.
You are confused.
You feel invigorated.
The quokka bites you but does no damage.
The goblin closely misses you. The hobgoblin misses you.
Robin throws the goblin at you!
* * * LOW HITPOINT WARNING * * *
Unknown command.
The quokka closely misses you. The hobgoblin hits you with a club.
* * * LOW HITPOINT WARNING * * *
The goblin closely misses you. The quokka bites you.
* * * LOW HITPOINT WARNING * * *
Robin misses you.
Unknown command.
You feel agile all of a sudden. The goblin closely misses you.
The hobgoblin hits you but does no damage.
The quokka barely misses you.
You hit Robin but do no damage. You drain Robin!
Robin is moderately wounded.
You feel less invigorated.
You feel less confused. The goblin closely misses you. The quokka misses you.
The hobgoblin closely misses you.
You hit Robin but do no damage. You drain Robin! You grab Robin.
Robin is heavily wounded.
You constrict Robin, but do no damage. Robin misses you. The quokka bites you.
* * * LOW HITPOINT WARNING * * *
The goblin closely misses you. The hobgoblin misses you.
Unknown command.
You hit Robin. You drain Robin!
Robin is severely wounded.
You constrict Robin. The quokka closely misses you.
Robin roars a battlecry!
The goblins go into a battle-frenzy!
The goblin closely misses you. The hobgoblin barely misses you.
You hear a shout!
Unknown command.
You hit Robin.
Robin is almost dead.
You constrict Robin.
The goblin no longer looks unusually strong.
The hobgoblin no longer looks unusually strong. x2
The quokka completely misses you. The goblin closely misses you.
The quokka barely misses you. The hobgoblin misses you.
A hobgoblin comes into view.
Unknown command.
You hit Robin but do no damage. You drain Robin!
You kill Robin!
The goblin no longer looks unusually strong.
The goblin hits you.
* * * LOW HITPOINT WARNING * * *
The quokka closely misses you. The hobgoblin hits you with a club.
* * * LOW HITPOINT WARNING * * *
Unknown command.
You hit the goblin.
You kill the goblin!
The goblin closely misses you. The quokka completely misses you.
Okay, then.
Okay, then.
Quiver which item? (- for none, * to show all) (? for menu, Esc to quit)
Okay, then.
Evoke which item? (* to show all) (? for menu, Esc to quit)
Aiming: Enslavement
Press: ? - help, Shift-Dir - straight line, f - quokka
Aim: a quokka (chance to defeat MR: 71%)
The quokka struggles to resist.
This wand has 11 charges left.
The hobgoblin barely misses you. The goblin hits you but does no damage.
The hobgoblin closely misses you. The quokka closely misses you.
Evoke which item? (* to show all) (? for menu, Esc to quit)
Aiming: Enslavement
Press: ? - help, Shift-Dir - straight line, f/p - quokka
Aim: a quokka (chance to defeat MR: 71%)
The quokka struggles to resist.
This wand has 10 charges left.
The goblin misses you. The quokka barely misses you.
The hobgoblin barely misses you. The hobgoblin misses you.
Evoke which item? (* to show all) (? for menu, Esc to quit)
Aiming: Enslavement
Press: ? - help, Shift-Dir - straight line, f/p - quokka
Aim: a quokka (chance to defeat MR: 71%)
The quokka is charmed.
This wand has 9 charges left.
The goblin no longer looks unusually strong.
Your quokka bites the goblin.
The goblin barely misses your quokka. The goblin barely misses you.
The goblin hits your quokka with a club.
The hobgoblin closely misses you. The hobgoblin hits you with a club!
You die... ... ...# #...# #...# ##...# #...# ##g..# #@gg# #rgg#

##gg.####
####>g.....#
#..........#
#g##.......#
#......###.##
..g..#####..#
....g# #.##


You could see 3 hobgoblins, 5 goblins and a friendly quokka.

Vanquished Creatures
  Robin (D:2)
  An adder (D:1)
  A giant cockroach (D:1)
  5 goblins
  A hobgoblin (D:1)
  A kobold (D:2)
  A quokka (D:1)
  2 bats (D:1)
  2 frilled lizards
  2 rats (D:1)
17 creatures vanquished.

Notes
Turn   | Place    | Note
-------+----------+-------------------------------------------
     0 | D:1      | tidbits the Octopode Artificer began the quest for the Orb.
     0 | D:1      | Reached XP level 1. HP: 13/13 MP: 3/3
   111 | D:2      | Noticed Robin
   119 | D:1      | Reached skill level 2 in Stealth
   171 | D:1      | Reached skill level 3 in Stealth
   171 | D:1      | Reached XP level 2. HP: 12/18 MP: 4/4
   415 | D:3      | Reached skill level 4 in Stealth
   417 | D:3      | Reached XP level 3. HP: 11/23 MP: 5/5
   517 | D:3      | Noticed Sigmund
   545 | D:2      | HP: 2/23 [goblin[Robin] (6)]
   554 | D:2      | Killed Robin
   558 | D:2      | Slain by a hobgoblin

Skill      XL: |  1  2 |
---------------+-------+-----
Stealth        | 3 4 |  4.1
Fighting       | |  1.6
Short Blades   | |  1.0
Dodging        | |  2.0
Evocations     | |  3.2

Action                   || total
-------------------------++-------
Melee: Short sword       ||    32
       Constrict         ||    10
       Tentacles         ||     4
       Dagger            ||     6
Throw: Stone             ||     1
Evoke: Wand              ||     6
  Use: Potion            ||     3
       Scroll            ||     2
 Stab: Sleeping          ||     6
Armor: Skin              ||     4
Dodge: Dodged            ||    60

Table legend:
 A = Turns spent in this place as a percentage of turns spent in the entire game.
 B = Non-inter-level travel turns spent in this place as a percentage of non-inter-level travel turns spent in the entire game.
 C = Inter-level travel turns spent in this place as a percentage of turns spent in this place.
 D = Turns resting spent in this place as a percentage of non-inter-level travel turns spent in this place.
 E = Turns spent auto-exploring this place as a percentage of non-inter-level travel turns spent in this place.
 F = Non-inter-level travel turns spent in this place divided by the number of levels of this place that you've seen.
                   A       B       C       D       E      F
               +-------+-------+-------+-------+-------+----------------------
         Total | 100.0 | 100.0 |   0.2 |   0.9 |   0.0 | 145.0
       Dungeon | 100.0 | 100.0 |   0.2 |   0.9 |   0.0 | 145.0
               +-------+-------+-------+-------+-------+----------------------

Table legend:
 A = Kills in this place as a percentage of kills in entire the game.
 B = Kills by you in this place as a percentage of kills by you in the entire game.
 C = Kills by friends in this place as a percentage of kills by friends in the entire game.
 D = Other kills in this place as a percentage of other kills in the entire game.
 E = Experience gained in this place as a percentage of experience gained in the entire game.
 F = Experience gained in this place divided by the number of levels of this place that you have seen.
                   A       B       C       D       E      F
               +-------+-------+-------+-------+-------+----------------------
         Total | 100.0 | 100.0 |  -nan |  -nan | 100.0 |  18.0
       Dungeon | 100.0 | 100.0 |  -nan |  -nan | 100.0 |  18.0
               +-------+-------+-------+-------+-------+----------------------

Vault maps used:
D:1:      minmay_arrival_hallway
D:2:      serial_curves, eino_curves_02, eino_curves_01,
          minmay_randomly_rotated_circles, uniq_robin
D:3:      cheibrodos_ashenzari_chains, lemuel_doored_altar,
          nicolae_overflow_crystal_walls, portal_sewer_entry_f, uniq_sigmund
